Construct Section Command Post
Selects Air and Sea Battlegroup
Selects Air and Sea Battlegroup
Construct Platoon Command Post
Construct Field Infirmary
Unlock Bishop Self-propelled Artillery
Construct Company Command Post
Selects Centaur Medium Tank
Bishop Self-propelled Artillery
6-pounder Anti-tank Gun Team
Construct Company Command Post
Selects Commando Section Paradrop
Selects Commando Support Section Paradrop
Unlock M3 Grant Medium Tanks